 Dungeon Crawl Stone Soup version 0.21-a0-91-ga5031da (webtiles) character file.

41 Kidiri the Magician (level 3, 0/19 HPs)
             Began as a Deep Elf Fire Elementalist on June 28, 2017.
             Slain by a goblin (1 damage)
             ... led by Robin
             ... on level 2 of the Dungeon.
             The game lasted 00:04:19 (1019 turns).

Kidiri the Magician (Deep Elf Fire Elementalist)    Turns: 1019, Time: 00:04:20

Health: 0/19       AC:  2    Str:  2 (5)  XL:     3   Next: 32%
Magic:  1/10       EV: 18    Int: 17 (20) God:
Gold:   48         SH:  0    Dex: 19 (20) Spells: 7/10 levels left

rFire    . . .     SeeInvis .   e - +0 dagger
rCold    . . .     Gourm    .   (no shield)
rNeg     . . .     Faith    .   a - +0 robe
rPois    .         Spirit   .   (no helmet)
rElec    .         Reflect  .   h - scarf {repulsion}
rCorr    .         Harm     .   (no gloves)
MR       .....                  (no boots)
Stlth    +++.......             (no amulet)
HPRegen  0.06/turn              (no ring)
MPRegen  0.12/turn              (no ring)

@: agile, repel missiles
A: no striking features
a: no special abilities


You were on level 2 of the Dungeon.
You were not hungry.

You visited 1 branch of the dungeon, and saw 2 of its levels.

You collected 48 gold pieces.

Inventory:

Hand Weapons
 e - a +0 dagger (weapon)
Armour
 a - a +0 robe (worn)
 h - a scarf of repulsion (worn)
Scrolls
 g - 2 scrolls of identify
 i - a scroll of fog
Potions
 f - a potion of degeneration
Books
 b - a book of Flames

   Spells                             Type                      Level
   a - Flame Tongue                   Conjuration/Fire             1
   b - Throw Flame                    Conjuration/Fire             2
   c - Conjure Flame                  Conjuration/Fire             3
   d - Inner Flame                    Hexes/Fire                   3
   e - Sticky Flame                   Conjuration/Fire             4
   f - Fireball                       Conjuration/Fire             5
Comestibles
 c - a bread ration
 d - 2 chunks of flesh


   Skills:
 - Level 2.4 Dodging
 - Level 2.4 Stealth
 * Level 4.2 Spellcasting
 + Level 1.9 Conjurations
 + Level 3.8 Fire Magic


You had 7 spell levels left.
You knew the following spells:

 Your Spells              Type           Power        Failure   Level  Hunger
a - Flame Tongue          Conj/Fire      ##...        4%          1    None
b - Throw Flame           Conj/Fire      ##....       7%          2    ##.....


Dungeon Overview and Level Annotations

Branches:
Dungeon (2/15)

Altars:

Annotations:
D:2 Robin, Terence


Message History

Unknown command.
You miss the goblin.
The goblin is heavily wounded.
The goblin hits you with a club.
* * * LOW HITPOINT WARNING * * *
The goblin barely misses you.
Unknown command.
You barely miss the goblin.
The goblin is heavily wounded.
The goblin barely misses you. The goblin misses you.
Unknown command.
The hobgoblin shouts!
You hit the goblin but do no damage.
The goblin is moderately wounded.
The goblin hits you but does no damage. The goblin misses you.
Okay, then.
You hit the goblin.
You kill the goblin!
The goblin hits you.
You die...

*,,***#.#.#...............####**
,,,,,*#.#>##....###########
,,,*,,..####....###.#
,,,**##...##..g.....# ,,,*
#.#.##.....##.#
,,,####.#.##.....##.#
***#......##....g##.#
*#.....######g##.# #.###.#
#@##.# #@#<#.######)##.# ***
#.#..........##.# ,,*
#.#.#.#########.# *,*
#.#.#...........# *,*
#.#############.# *,**#.* #.#
*,,,,,* #.# ******* ###


You could see Robin, a hobgoblin and a goblin.

Vanquished Creatures
  A worm (D:2)
  2 dart slugs (D:1)
  A leopard gecko (D:1)
  A bat (D:1)
  14 goblins
  3 hobgoblins (D:1)
  4 kobolds (D:1)
  A frilled lizard (D:1)
  2 rats (D:1)
29 creatures vanquished.

Notes
Turn   | Place    | Note
-------+----------+-------------------------------------------
     0 | D:1      | Kidiri the Deep Elf Fire Elementalist began the quest for the Orb.
     0 | D:1      | Reached XP level 1. HP: 10/10 MP: 6/6
   135 | D:1      | Reached XP level 2. HP: 15/15 MP: 3/8
   139 | D:1      | Learned a level 2 spell: Throw Flame
   849 | D:2      | Noticed Terence
   903 | D:2      | Reached skill level 4 in Spellcasting
   941 | D:2      | Reached XP level 3. HP: 19/19 MP: 5/10
   943 | D:2      | Noticed Robin
  1019 | D:2      | Slain by a goblin

Vault maps used:
D:1:      lightli_arrival_boilingwater, minmay_misc_feat_hallway
D:2:      nicolae_overflow_crystal_walls, hangedman_ru_absence, uniq_robin,
          uniq_terence

Skill      XL: |  1  2 |
---------------+-------+-----
Spellcasting   | 4 |  4.2
Dodging        | |  2.4
Stealth        | |  2.4
Conjurations   | |  1.9
Fire Magic     | |  3.8

Action                   || total
-------------------------++-------
Melee: Dagger            ||    15
 Cast: Flame Tongue      ||    41
  Use: Scroll            ||     2
       Potion            ||     2
Armor: Robe              ||     8
Dodge: Dodged            ||    42
